 Dungeon Crawl Stone Soup version 0.26-a0-639-g72c4674329 (webtiles) character file.

Game seed: 775336883587638578

8 Borgoz the Cudgeler (level 2, -3/18 HPs)
             Began as a Gargoyle Gladiator on Sept 18, 2020.
             Slain by a gnoll
             ... wielding a +0 club
              (5 damage)
             ... on level 2 of the Dungeon.
             The game lasted 00:00:21 (155 turns).

Borgoz the Cudgeler (Gargoyle Gladiator)             Turns: 155, Time: 00:00:22

Health: -3/18      AC:  6    Str: 17    XL:     2   Next: 8%
Magic:  2/2        EV: 12    Int:  8    God:
Gold:   27         SH:  0    Dex: 11    Spells: 1/1 levels left

rFire    . . .     SeeInvis .   a - +0 flail
rCold    . . .     Faith    .   (no shield)
rNeg     + . .     Spirit   .   b - +0 leather armour
rPois    ∞         Reflect  .   c - +0 helmet
rElec    +         Harm     .   (no cloak)
rCorr    .         Rampage  .   (no gloves)
MR       .....                  (no boots)
Stlth    +.........             (no amulet)
HPRegen  0.06/turn              (no ring)
MPRegen  0.08/turn              (no ring)

@: no status effects
A: negative energy resistance 1, electricity resistance, unbreathing,
petrification resistance, rot immunity, AC +2
a: no special abilities


You were on level 2 of the Dungeon.
You visited 1 branch of the dungeon, and saw 2 of its levels.

You collected 27 gold pieces.

Inventory:

Hand Weapons
 a - a +0 flail (weapon)
 f - a +0 dagger
Missiles
 d - a throwing net (quivered)
Armour
 b - a +0 leather armour (worn)
 c - a +0 helmet (worn)
Scrolls
 e - a scroll of teleportation {unknown}
Potions
 g - a potion of resistance {unknown}


   Skills:
 + Level 2.3 Fighting
 * Level 3.2 Maces & Flails
 - Level 1.7 Throwing
 + Level 0.4 Armour
 * Level 2.6 Dodging


You had one spell level left.
You didn't know any spells.
Your spell library was empty.

Dungeon Overview and Level Annotations

Branches:
Dungeon (1/15)

Altars:
Cheibriados


Innate Abilities, Weirdness & Mutations

You are resistant to torment.
Your stone body is resilient. (AC +2)
You are immune to poison.
You resist negative energy. (rN+)
You are resistant to electric shocks. (rElec)
You can survive without breathing.
You are immune to petrification.
You are immune to rotting.


Message History

You see here a dart slug corpse.
You start resting.
A gnoll comes into view. It is wielding a +0 club.
A gnoll is nearby!
You are too injured to fight recklessly!
The gnoll shouts!
You hear a shout!
Throwing (i - inventory)
d - 3 throwing nets (quivered)
Press: ? - help, Shift-Dir - straight line, f - gnoll
Aim: a gnoll, wielding a +0 club You throw a throwing net.
The throwing net barely misses the gnoll.
The gnoll hits you with a +0 club.
* * * LOW HITPOINT WARNING * * *
Throwing (i - inventory)
d - 2 throwing nets (quivered)
Press: ? - help, Shift-Dir - straight line, f/p - gnoll
Aim: a gnoll, wielding a +0 club You throw a throwing net.
The throwing net barely misses the gnoll.
The gnoll hits you with a +0 club.
You die...

############# ###
(.....g@....# ##.##
#####.#####.####...####
#. #..(#........# #.
#.#..........# #
#...#.....[#.#
#####.#......#
#..._....# #........#
#.####.#.#


You could see a gnoll.

Vanquished Creatures
  A worm (D:2)
  A dart slug (D:2)
  A frilled lizard (D:2)
  A kobold (D:1)
  A rat (D:1)
5 creatures vanquished.

Notes
Turn   | Place    | Note
-------+----------+-------------------------------------------
     0 | D:1      | Borgoz the Gargoyle Gladiator began the quest for the Orb.
     0 | D:1      | Reached XP level 1. HP: 12/12 MP: 1/1
    27 | D:1      | You fall into a shaft and drop 1 floor!
    49 | D:2      | Found a snail-covered altar of Cheibriados.
    82 | D:2      | Reached XP level 2. HP: 2/18 MP: 2/2
   155 | D:2      | Slain by a gnoll

Illustrated notes

Levels and vault maps discovered:
D:1:      nicolae_arrival_washed_ashore, layout_loops_ring
D:2:      layout_loops_corners, cheibriados_altar_1, minmay_misc_feat_tower,
          grunt_ministairs_7, minmay_pentomino_z2

Action                   || total
-------------------------++-------
Melee: Flail             ||    14
Throw: Throwing net      ||     3
Armor: Leather armour    ||     2
Dodge: Dodged            ||    10

Table legend: (Time is in decaauts)
 A = Elapsed time spent in this place.
 B = Non-inter-level travel time spent in this place.
 C = Inter-level travel time spent in this place.
 D = Time resting spent in this place.
 E = Time spent auto-exploring this place.
 F = Levels seen in this place.
 G = Mean time per level.
                   A        B        C        D        E       F      G
               +--------+--------+--------+--------+--------+-----+--------+
         Total |    158 |    158 |      0 |     68 |     52 |   2 |   79.0 |
       Dungeon |    158 |    158 |      0 |     68 |     52 |   2 |   79.0 |
               +--------+--------+--------+--------+--------+-----+--------+

Top non-repeatable levels by time:
     D:2: 130 daAuts
     D:1: 27 daAuts
